 Dungeon Crawl Stone Soup version 0.20.1-1-g8b1a95d (webtiles) character file.

287 vatarom the Changer (level 6, -1/25 HPs)
             Began as a Felid Transmuter on Sept 1, 2017.
             Was an Initiate of Makhleb.
             Killed from afar by an orc wizard (9 damage)
             ... with a magic dart
             ... on level 4 of the Dungeon.
             The game lasted 00:12:41 (6120 turns).

vatarom the Changer (Felid Transmuter)              Turns: 6120, Time: 00:12:41

Health: -1/25      AC:  2    Str:  7    XL:     6   Next: 8%
Magic:  4/10       EV: 21    Int: 18    God:    Makhleb [......]
Gold:   292        SH:  0    Dex: 22    Spells: 3/9 levels left
                                        Lives:  0   Deaths: 1

rFire    . . .     SeeInvis +     - Unarmed
rCold    . . .     Gourm    .   (shield unavailable)
rNeg     . . .     Faith    .   (armour unavailable)
rPois    x         Spirit   .   (helmet unavailable)
rElec    .         Reflect  .   (cloak unavailable)
rCorr    .         Harm     .   (gloves unavailable)
MR       .....                  (boots unavailable)
Stlth    ++........             (no amulet)
Regen    0.1/turn               m - +3 ring of intelligence
MPRegen  0.2/turn               (no ring)

@: spider-form (expiring), very slightly contaminated
A: no armour, no weapons or thrown items, stealth, see invisible, carnivore 3,
slow metabolism 1
a: End Transformation, Renounce Religion


You were on level 4 of the Dungeon.
You worshipped Makhleb.
Makhleb was noncommittal.
You were very full.
You were a venomous arachnid creature.
You visited 2 branches of the dungeon, and saw 5 of its levels.

You collected 292 gold pieces.

Inventory:

Jewellery
 d - an uncursed ring of ice
 m - a +3 ring of intelligence (left front leg)
Wands
 s - a wand of clouds (3/9)
Scrolls
 f - a scroll of noise
 g - 3 scrolls of remove curse
 k - 2 scrolls of identify
 l - a scroll of immolation {unknown}
 t - a scroll of teleportation {unknown}
Potions
 e - 2 potions of heal wounds
 i - 3 potions of curing
 j - a potion of brilliance
 n - 2 potions of flight {unknown}
 o - a potion of lignification {unknown}
 p - a potion of agility
 r - a potion of haste {unknown}
Books
 b - a book of Changes

   Spells                             Type                      Level
   a - Beastly Appendage              Transmutation                1
   b - Sticks to Snakes               Transmutation                2
   c - Spider Form                    Transmutation/Poison         3
   d - Ice Form                       Ice/Transmutation            4
   e - Blade Hands                    Transmutation                5
Comestibles
 c - 4 meat rations
 h - a royal jelly


   Skills:
 - Level 1.0 Fighting
 - Level 2.6 Dodging
 + Level 4.6 Unarmed Combat
 - Level 2.0 Spellcasting
 * Level 6.5 Transmutations


You had 3 spell levels left.
You knew the following spells:

 Your Spells              Type           Power        Failure   Level  Hunger
a - Beastly Appendage     Tmut           ####..       6%          1    #......
b - Sticks to Snakes      Tmut           ####....     8%          2    ###....
c - Spider Form           Tmut/Pois      ##........   32%         3    ###....


Dungeon Overview and Level Annotations

Branches:
Dungeon (4/15)             Temple (1/1) D:4

Altars:
Ashenzari
Dithmenos
Elyvilon
Fedhas
Gozag
Hepliaklqana
Kikubaaqudgha
Makhleb
Nemelex Xobeh
Okawaru
Qazlal
Ru
Sif Muna
Uskayaw
Vehumet
Xom
Yredelemnul
The Shining One


Innate Abilities, Weirdness & Mutations

You cannot wear armour.
You are incapable of wielding weapons or throwing items.
Your paws allow you to move quietly. (Stealth)
((You have sharp claws.))
((You have razor-sharp teeth.))
You have supernaturally acute eyesight. (SInv)
You are carnivorous and can eat meat at any time.
((You cover ground quickly.))
((You are covered in thick fur. (AC +2)))
You have a slow metabolism.
((Your sharp claws are effective at attacking unaware monsters.))


Message History

An orc comes into view.
The orc shouts!
You hit the orc but do no damage.
The orc is poisoned.
The orc closely misses you.
An orc warrior and an orc wizard come into view.
The orc warrior shouts!
The orc wizard shouts!
You hit the orc.
You kill the orc!
Makhleb accepts your kill.
Your transformation is almost over.
Things that are here:
a short sword; a leather armour; an orc corpse The orc wizard points at you and mumbles some strange words.
The magic dart hits you!
There is an escape hatch in the ceiling, spattered with blood here.
Things that are here:
a giant club; an ogre corpse The orc wizard casts a spell at you.
The magic dart hits you!
You die...

#.# #.#. #.# #... ##########.#
##.. #..........#####..
#.................
#.................
#.............!...
################......o...#####..
#.........†.....s<)..o.....# ###
#.####################o....# ####
#.# #.....# #... #.# #.....# #...
#.# #.....# #... #.# #.....# ####
#.# ####.## #.# #.# #.# #.#


You could see an orc warrior, an orc wizard and an orc.

Vanquished Creatures
  An ogre (D:4)
  An orc priest (D:4)
  An iguana (D:4)
  3 worker ants (D:4)
  3 adders
  A worm (D:2)
  A leopard gecko (D:1)
  6 orcs (D:4)
  5 bats
  4 giant cockroaches
  5 goblins
  5 hobgoblins
  A quokka (D:2)
  7 frilled lizards
  5 kobolds
  4 rats
53 creatures vanquished.

Vanquished Creatures (collateral kills)
  An ogre (D:3)
  An orc priest (D:3)
  A hound (D:4)
  A worker ant (D:4)
  An adder (D:2)
  A leopard gecko (D:4)
  5 orcs
  A goblin (D:4)
  2 hobgoblins
  2 kobolds
16 creatures vanquished.

Vanquished Creatures (others)
  A bat (D:3)
  A frilled lizard (D:3)
2 creatures vanquished.

Grand Total: 71 creatures vanquished

Notes
Turn   | Place    | Note
-------+----------+-------------------------------------------
     0 | D:1      | vatarom the Felid Transmuter began the quest for the Orb.
     0 | D:1      | Reached XP level 1. HP: 9/9 MP: 4/4
   147 | D:1      | Reached skill level 3 in Transmutations
   171 | D:1      | Reached XP level 2. HP: 8/12 MP: 6/6
   744 | D:1      | Learned a level 2 spell: Sticks to Snakes
  1085 | D:2      | Found a shimmering altar of Xom.
  1100 | D:2      | Reached XP level 3. HP: 11/15 MP: 4/7
  1162 | D:2      | Learned a level 3 spell: Spider Form
  1193 | D:2      | Reached skill level 4 in Transmutations
  2799 | D:3      | Found a white marble altar of Elyvilon.
  3272 | D:3      | Reached XP level 4. HP: 8/19 MP: 6/8
  4229 | D:4      | Noticed an ogre
  4353 | D:3      | Killed an ogre
  4353 | D:3      | Reached skill level 5 in Transmutations
  4353 | D:3      | Reached XP level 5. HP: 22/22 MP: 1/9
  4503 | D:4      | Killed from afar by an orc priest
  4504 | D:4      | Reached XP level 4. HP: -3/19 MP: 4/8
  4514 | D:4      | Found a shattered altar of Ashenzari.
  4568 | D:4      | Reached XP level 5. HP: 17/22 MP: 5/9
  4902 | D:4      | Reached skill level 6 in Transmutations
  5009 | D:4      | Found a staircase to the Ecumenical Temple.
  5126 | Temple   | Entered the Ecumenical Temple
  5280 | Temple   | Became a worshipper of Makhleb the Destroyer
  6050 | D:4      | Noticed an ogre
  6112 | D:4      | Killed an ogre
  6112 | D:4      | Gained mutation: You are covered in thick fur. (AC +2) [Felid growth]
  6112 | D:4      | Reached XP level 6. HP: 19/25 MP: 3/10
  6117 | D:4      | Noticed an orc warrior
  6120 | D:4      | Killed from afar by an orc wizard

Skill      XL: |  1  2  3  4  5 |
---------------+----------------+-----
Transmutations | 3 4 5 6 |  6.5
Unarmed Combat | 4 |  4.6
Fighting       | |  1.0
Dodging        | |  2.6
Spellcasting   | |  2.0

Action                   |  1- 3 |  4- 6 || total
-------------------------+-------+-------++-------
Melee: Unarmed           |   124 |    53 ||   177
       Headbutt          |     3 |       ||     3
       Bite              |    10 |     5 ||    15
       Punch             |     1 |       ||     1
 Cast: Beastly Appendage |     9 |       ||     9
       Sticks to Snakes  |    10 |    40 ||    50
       Spider Form       |     2 |     5 ||     7
Evoke: Wand              |       |     2 ||     2
  Use: Potion            |     7 |       ||     7
       Scroll            |     3 |     2 ||     5
 Stab: Sleeping          |     9 |       ||     9
       Distracted        |     1 |     1 ||     2
  Eat: Chunk             |    13 |    11 ||    24
Armor: Skin              |    10 |       ||    10
Dodge: Dodged            |    93 |    51 ||   144
